Map: Plaza violeta iluminada EJ

Players

Kammer - Winner!

  • Race: Terran Terran
  • Spawn Location: 5:00

VOD

Have the link to the VOD?

Description

Time

  • Played on: Feb. 9, 2025, 7:42 p.m.
  • Length: 9:50
Show
View Real Time Build Order
Export as new Build Order

Kammer Terran - Winner!

Build Orders:  

Get SALT Encoding   

  12  0:02  SCV  
  13  0:19  SCV  
  14  0:30  Supply Depot  
  14  0:36  SCV  
  15  0:43  Refinery  
  15  1:00  SCV  
  16  1:14  Barracks  
  16  1:17  SCV  
  17  1:32  Supply Depot  
  17  1:34  SCV  
  18  1:51  SCV  
  19  2:08  SCV  
  20  2:13  Barracks  
  20  2:25  SCV  
  21  2:42  SCV  
  22  2:51  Marine  
  23  3:21  Supply Depot  
  23  3:22  Marine  
  23  3:25  Command Center  
  24  3:47  Marine  
  25  3:53  Supply Depot  
  25  3:54  Marine  
  26  4:12  Marine  
  26  4:17  SCV  
  26  4:19  Marine  
  29  4:34  SCV  
  29  4:37  Marine  
  31  4:41  Factory  
  31  4:44  Marine  
  32  4:51  SCV  
  33  5:02  Marine  
  33  5:08  SCV  
  33  5:09  Marine  
  36  5:12  Engineering Bay  
  36  5:22  SCV  
  36  5:25  SCV  
  36  5:27  Marine  
  38  5:34  Marine  
  38  5:39  SCV  
  40  5:50  Hellion  
  40  5:56  SCV  
  40  5:57  Reaper  
  40  5:59  SCV  
  46  6:04  Reaper  
  46  6:13  SCV  
  47  6:20  Hellion  
  40  6:30  SCV  
  51  6:42  Reaper  
  51  6:46  SCV  
  51  6:49  Hellion  
  54  7:03  SCV  
  56  7:10  Reaper  
  56  7:13  Refinery  
  56  7:19  Hellion  
  58  7:20  SCV  
  58  7:27  Reaper  
  60  7:37  SCV  
  61  7:43  SCV  
  62  7:59  Barracks  
  62  8:16  Supply Depot  
  62  8:22  Hellion, Reaper  
  62  8:24  Marine, SCV  
  62  8:26  SCV  
  60  8:41  SCV  
  60  8:43  SCV  
  60  8:48  Supply Depot  
  60  8:49  Marine  
  63  8:51  Hellion  
  65  9:00  SCV  
  65  9:07  Reaper  
  64  9:14  Marine  
  64  9:20  Supply Depot  
Tags
 
Add a new tag
Caveats
  • Supply blocks, unpowered buildings, or Contaminate may cause inaccurate times.
  • Supply counts are checked every 10 seconds.